 Dungeon Crawl Stone Soup version 0.18-a0-5-gf1fb587 (webtiles) character file.

1345 radek the Infuser (level 8, -10/43 HPs)
             Began as a Deep Elf Conjurer on Oct 31, 2015.
             Was a Believer of Vehumet.
             Killed from afar by mrath's ghost (29 damage)
             ... with a stone arrow
             ... on level 5 of the Dungeon.
             The game lasted 00:33:55 (6377 turns).

radek the Infuser (Deep Elf Conjurer)               Turns: 6377, Time: 00:33:56

Health: -10/43     AC:  5    Str:  6    XL:     8   Next: 36%
Magic:  6/16       EV: 13    Int: 22    God:    Vehumet [**....]
Gold:   223        SH:  0    Dex: 15    Spells: 2 memorised, 9 levels left

rFire  . . .     SeeInvis .     g - +1 short sword
rCold  . . .     Clarity  +     a - +0 robe
rNeg   . . .     SustAt   .     (no shield)
rPois  .         Gourm    .     A - +0 helmet
rElec  .         Spirit   .     o - +1 cloak
rCorr  .         Warding  .     (no gloves)
rMut   .         Stasis   .     (no boots)
MR     .....                    y - amulet of clarity
Stlth  ++........               (no ring)
                                (no ring)

@: not resistant to hostile enchantments, unstealthy
A: no striking features
a: Renounce Religion


You were on level 5 of the Dungeon.
You worshipped Vehumet.
Vehumet was pleased with you.
You were not hungry.

You visited 2 branches of the dungeon, and saw 6 of its levels.

You collected 223 gold pieces.

Inventory:

Hand Weapons
 g - a +1 short sword (weapon)
Missiles
 u - 3 poisoned javelins (quivered)
Armour
 a - a +0 robe (worn)
 n - the +5 ring mail of Liberty {rPois, unknown}
   (You found it on level 5 of the Dungeon)

   It protects you from poison.
 o - a +1 cloak (worn)
 A - a +0 helmet (worn)
Jewellery
 y - an amulet of clarity (around neck)
Wands
 q - a wand of confusion (22)
 w - a wand of hasting (5)
Scrolls
 e - 2 scrolls of random uselessness
 f - a scroll of teleportation
 h - 5 scrolls of immolation
 k - a scroll of enchant weapon
 r - a scroll of enchant armour
 t - a scroll of identify
 v - a scroll of noise {unknown}
 C - a scroll of recharging {unknown}
Potions
 d - a potion of heal wounds {unknown}
 i - 3 potions of brilliance
 l - a potion of might {unknown}
 m - 2 potions of curing
 p - a potion of mutation {unknown}
 s - 2 potions of flight {unknown}
 x - 2 potions of agility {unknown}
 z - a potion of degeneration {unknown}
 B - a potion of berserk rage {unknown}
Books
 b - a book of Conjurations

   Spells                             Type                      Level
   a - Magic Dart                     Conjuration                  1
   b - Searing Ray                    Conjuration                  2
   c - Dazzling Spray                 Conjuration/Hexes            3
   d - Fulminant Prism                Conjuration/Hexes            4
   e - Iskenderun's Mystic Blast      Conjuration                  4
   f - Iskenderun's Battlesphere      Conjuration/Charms           5
Comestibles
 c - 4 bread rations
 j - a meat ration


   Skills:
 + Level 1.0 Fighting
 + Level 3.2 Dodging
 - Level 2.4 Stealth
 * Level 4.4 Spellcasting
 + Level 7.3 Conjurations
 + Level 11.1 Charms


You had 9 spell levels left.
You knew the following spells:

 Your Spells              Type           Power        Failure   Level  Hunger
a - Magic Dart            Conj           ####         1%          1    None
b - Iskenderun's Battles  Conj/Chrm      #####...     10%         5    ######.


Dungeon Overview and Level Annotations

Branches:
Dungeon (5/15)             Temple (1/1) D:5

Altars:
Ashenzari
Dithmenos
Fedhas
Gozag
Makhleb
Nemelex Xobeh
Okawaru
Ru
Sif Muna
Trog
Vehumet
Xom
Zin
The Shining One

Shops:
D:4 *[

Annotations:
D:2 2 exclusions, Sigmund, Terence
D:5 mrath's ghost, novice GrEE


Message History

The barrage of energy hits mrath's ghost.
Mrath's ghost is heavily damaged.
Mrath's ghost says, "All of the earth is under my command."
Mrath's ghost gestures at you while chanting.
The stone arrow hits you!
Ouch! That really hurt!
Casting: Magic Dart
Confirm with . or Enter, or press ? or * to list all spells.
Aiming: Magic Dart
Press: ? - help, Shift-Dir - straight line, f/p - mrath's ghost
Aim: mrath's ghost (heavily damaged)
The magic dart hits mrath's ghost.
Mrath's ghost is heavily damaged.
Your battlesphere fires!
The barrage of energy hits mrath's ghost.
Mrath's ghost is severely damaged.
Mrath's ghost gestures at you while chanting.
The stone arrow hits you!
Ouch! That really hurt!
You die...

###### #....# ####.##.# ###
#.....#.###.. . #####
#.##..#...#.# ..
#.^.###.#<..###.#.#
...##########.......#.....#.#.#
.. .........'.W.@*.)......#...###
#############....#..#.#...####...
... ########.........#.#......##
... .......'..............>.#.#
...##########..........#..#....#
#...######..........#..#.##.#
####.........###.......#.....#.#
...'.........# #.............#.#
####.........# #........♣.♣....#


You could see mrath's ghost.

Vanquished Creatures
  The ghost of Sagrath01 the Conjurer, a novice GrWz (D:5)
  Grinder (D:4)
  An ice beast (D:5)
  An ogre (D:4)
  A crimson imp (D:5)
  A jelly (D:5)
  2 hounds (D:5)
  2 centaur skeletons (D:5)
  2 orc priests
  A gnoll shaman (D:5)
  An iguana (D:5)
  Natasha (D:2)
  3 orc wizards
  3 worker ants
  A worker ant zombie (D:5)
  6 gnolls (D:5)
  7 adders
  A shadow imp (D:5)
  4 oozes
  An adder skeleton (D:4)
  2 worms
  5 giant geckos
  11 orcs
  5 ball pythons
  8 bats
  2 giant cockroaches
  7 hobgoblins
  14 jackals
  2 quokkas (D:5)
  7 giant newts
  13 goblins
  11 kobolds
  8 rats
136 creatures vanquished.

Vanquished Creatures (others)
  A worm (D:2)
  A goblin (D:2)
  A hobgoblin (D:2)
3 creatures vanquished.

Grand Total: 139 creatures vanquished

Notes
Turn   | Place    | Note
--------------------------------------------------------------
     0 | D:1      | radek the Deep Elf Conjurer began the quest for the Orb.
     0 | D:1      | Reached XP level 1. HP: 10/10 MP: 6/6
   122 | D:1      | Reached XP level 2. HP: 15/15 MP: 2/8
   129 | D:1      | Reached skill level 5 in Conjurations
   413 | D:1      | Reached XP level 3. HP: 19/19 MP: 3/9
  1092 | D:2      | Found a radiant altar of Vehumet.
  1102 | D:2      | Became a worshipper of Vehumet
  1465 | D:2      | Reached skill level 6 in Conjurations
  1533 | D:2      | Noticed Natasha
  1545 | D:2      | Killed Natasha
  1545 | D:2      | Reached XP level 4. HP: 24/24 MP: 0/10
  1721 | D:2      | Noticed Terence
  1915 | D:3      | Found a bloodstained altar of Trog.
  1916 | D:3      | Found an iron altar of Okawaru.
  2054 | D:3      | Found a shadowy altar of Dithmenos.
  2082 | D:3      | Found an opulent altar of Gozag.
  2277 | D:3      | Reached XP level 5. HP: 26/28 MP: 0/11
  2283 | D:3      | Reached skill level 7 in Conjurations
  2368 | D:3      | Learned a level 5 spell: Iskenderun's Battlesphere
  2502 | D:3      | Found a sparkling altar of Nemelex Xobeh.
  2640 | D:3      | Reached * piety under Vehumet
  2640 | D:3      | Offered knowledge of Sting by Vehumet.
  2763 | D:2      | Reached skill level 1 in Charms
  2852 | D:2      | Noticed Sigmund
  3652 | D:4      | Noticed an ogre
  3659 | D:4      | Killed an ogre
  3659 | D:4      | Reached skill level 5 in Charms
  3659 | D:4      | Reached XP level 6. HP: 32/32 MP: 4/12
  3926 | D:4      | Found Zin's Purification Station.
  3926 | D:4      | Found a glowing silver altar of Zin.
  4140 | D:4      | Noticed Grinder
  4140 | D:4      | Paralysed by Grinder for 2 turns
  4146 | D:4      | Killed Grinder
  4146 | D:4      | Reached XP level 7. HP: 25/36 MP: 3/13
  4243 | D:4      | Found Inijin's Armour Shop.
  4409 | D:4      | Reached skill level 8 in Charms
  4441 | D:4      | Found an iron altar of Okawaru.
  4801 | D:5      | Entered Level 5 of the Dungeon
  4848 | D:5      | Noticed mrath's ghost (novice GrEE)
  4854 | D:5      | Noticed Sagrath01's ghost (novice GrWz)
  5065 | D:5      | Reached skill level 9 in Charms
  5320 | D:5      | Killed Sagrath01's ghost
  5320 | D:5      | Reached skill level 10 in Charms
  5582 | D:5      | Found a staircase to the Ecumenical Temple.
  5592 | Temple   | Entered the Ecumenical Temple
  5894 | D:5      | Offered knowledge of Sandblast by Vehumet.
  5915 | D:5      | Reached XP level 8. HP: 41/41 MP: 7/14
  5962 | D:5      | Reached ** piety under Vehumet
  6116 | D:5      | Reached skill level 11 in Charms
  6309 | D:5      | Reached skill level 1 in Fighting
  6313 | D:5      | Got a dazzling ring mail
  6377 | D:5      | Killed from afar by mrath's ghost

Vault maps used:
D:1:      tarquinn_simple_flora_water_f, serial_forest,
          infiniplex_forest_clump_long, infiniplex_forest_lined_room_,
          infiniplex_forest_lined_room_2, infiniplex_forest_lined_4_way,
          infiniplex_forest_lined_ring, infiniplex_forest_end_double,
          infiniplex_forest_straight_2, infiniplex_forest_3_way,
          minmay_three_crescents
D:2:      fiery_altar_vehumet, uniq_sigmund, uniq_terence, uniq_natasha
D:3:      marbit_many_paths, grunt_temple_overflow_open,
          nicolae_overflow_hidden_temple, serial_glass, glass_columns_a,
          glass_columns_b, feat_on_display
D:4:      zin_purify, first_bread, serial_shops,
          nicolae_shop_temple_entry_statues_fountains, okawaru_gym_becter,
          uniq_grinder
D:5:      lemuel_doored_altar, slow_altar_1, minmay_temple_entry_trees
Temple:   temple_island_7

Action                   |  1- 3 |  4- 6 |  7- 9 || total
-------------------------+-------+-------+-------++-------
Melee: Unarmed           |     7 |       |       ||     7
       Short sword       |     4 |     8 |    14 ||    26
 Cast: Magic Dart        |    92 |   112 |   120 ||   324
       Iskenderun's Batt |       |     1 |     9 ||    10
  Use: Scroll            |       |       |     8 ||     8
  Eat: Chunk             |     2 |     3 |     3 ||     8
       Meat ration       |       |     1 |     1 ||     2
       Beef jerky        |       |     1 |       ||     1
       Fruit             |       |       |     3 ||     3
       Pizza             |       |       |     1 ||     1
